 Dungeon Crawl Stone Soup version 0.25-a0-890-g62861fb195 (webtiles) character file.

Game seed: 14789350359261801162, levelgen mode: deterministic

2265 Hasart the Martial Artist (level 9, 0/61 HPs)
             Began as an Octopode Transmuter on May 2, 2020.
             Was an Initiate of Gozag.
             Slain by an orc warrior
             ... wielding a +0 mace
              (15 damage)
             ... on level 5 of the Dungeon.
             The game lasted 00:15:14 (6797 turns).

Hasart the Martial Artist (Octopode Transmuter)     Turns: 6797, Time: 00:15:17

Health: 0/61       AC:  1    Str: 16    XL:     9   Next: 38%
Magic:  9/12       EV: 16    Int: 17    God:    Gozag
Gold:   1066       SH:  0    Dex: 12    Spells: 6/12 levels left

rFire    . . .     SeeInvis .     - Unarmed
rCold    . . .     Gourm    .   (no shield)
rNeg     . . .     Faith    .   (helmet restricted)
rPois    .         Spirit   .   (no amulet)
rElec    .         Reflect  .   x - +5 ring of strength
rCorr    .         Harm     .   (no ring)
MR       .....                  (no ring)
Stlth    ++........             (no ring)
HPRegen  0.20/turn              (no ring)
MPRegen  0.13/turn              (no ring)
                                (no ring)
                                (no ring)

@: very slightly contaminated
A: almost no armour, stealthy swim, amphibious, 8 rings, constrict 8, camouflage
1, gelatinous body 1
a: Potion Petition, Call Merchant, Bribe Branch, Renounce Religion


You were on level 5 of the Dungeon.
You worshipped Gozag.
Gozag was most pleased with you.
You were near starving.

You visited 1 branch of the dungeon, and saw 5 of its levels.
You also visited: Sewer.

You collected 1124 gold pieces.
You paid 58 gold pieces to Gozag.

Inventory:

Missiles
 a - 34 arrows
Jewellery
 x - a +5 ring of strength (left tentacle)
Wands
 z - a wand of polymorph (8)
Scrolls
 b - a scroll of amnesia {unknown}
 e - a scroll of noise {unknown}
 f - a scroll of fear {unknown}
 j - 6 scrolls of identify {unknown}
 l - a scroll of enchant armour {unknown}
 n - 4 scrolls of remove curse {unknown}
 q - 2 scrolls of magic mapping {unknown}
 s - a scroll of blinking {unknown}
 u - 3 scrolls of teleportation {unknown}
 y - a scroll of holy word {unknown}
Potions
 d - 2 potions of brilliance {unknown}
 g - a potion of mutation {unknown}
 h - a potion of cancellation {unknown}
 i - 2 potions of stabbing {unknown}
 k - a potion of heal wounds {unknown}
 m - a potion of invisibility {unknown}
 o - a potion of might {unknown}
 p - a potion of degeneration {unknown}
 r - 3 potions of flight {unknown}
 v - 2 potions of haste {unknown}
 w - a potion of magic {unknown}
Comestibles
 c - 7 rations


   Skills:
 + Level 5.2 Fighting
 + Level 6.0 Dodging
 * Level 8.2 Unarmed Combat
 - Level 2.0 Spellcasting
 - Level 5.0 Transmutations
 + Level 3.1 Poison Magic


You had 6 spell levels left.
You knew the following spells:

 Your Spells              Type           Power        Failure   Level  Hunger
a - Beastly Appendage     Tmut           ###...       2%          1    #......
b - Sticks to Snakes      Tmut           ###.....     3%          2    ###....
c - Spider Form           Tmut/Pois      ###.......   11%         3    ###....

Your spell library contained the following spells:

 Spells                   Type           Power        Failure   Level  Hunger
 Ice Form                 Ice/Tmut       ##......     56%         4    #####..
 Blade Hands              Tmut           ###.......   56%         5    ######.


Dungeon Overview and Level Annotations

Branches:
Dungeon (5/15)              Sewer (visited)
 Temple: D:4-7

Altars:
Cheibriados
Elyvilon
Gozag
Nemelex Xobeh
Sif Muna
Zin


Innate Abilities, Weirdness & Mutations

You cannot wear most types of armour.
You are very stealthy in the water. (Stealth+)
You are amphibious.
You can wear up to eight rings at the same time.
You can use your tentacles to constrict eight enemies at once.
Your skin changes colour to match your surroundings (Stealth+).
Your rubbery body absorbs attacks. (AC +1, EV +1)


Message History

Unknown command.
You completely miss the orc priest. You grab the orc priest.
The orc priest is almost dead.
You constrict the orc priest.
You kill the orc priest!
The orc warrior closely misses you.
Unknown command.
Your tentacle spike disappears.
You see here 4 gold pieces.
You see here 4 gold pieces.
There is an open door here.
Casting: Beastly Appendage (safe; 2% risk of failure)
Confirm with . or Enter, or press ? or * to list all spells.
You miscast Spider Form.
You are very lightly contaminated with residual magic.
Nothing appears to happen.
You are near starving!
The orc warrior hits you with a +0 mace!
You die...
Your body crumbles into a pile of gold.

#####.########.#.#####.##.###
#.# #.#.......##.# #.#
##+##########.# #.# ##...##
#.# ##.### ##.....## ##.#
##....###.......## ##..#
#####..)#.##.........####...##
[..........+.........'.......#
#####...#.##....@....####...##
.......###...o...## ##.##
#.####### ##.....## #.# #.
##...## #.# # #####'##### #.#
#$........# .# $ #.###$###.#
#.###.###.# #.##...##.#####.


You could see an orc warrior.

Vanquished Creatures
  Pikel (D:5)
  Prince Ribbit (D:5)
  Grinder (D:3)
  A necrophage (D:4)
  A slave (D:5)
  3 ogres (D:4)
  A phantom (D:5)
  A bullfrog (Sewer)
  3 scorpions
  A crimson imp (D:3)
  2 hounds
  4 bullfrog skeletons
  3 orc priests
  3 orc wizards
  3 worker ants
  A howler monkey skeleton (D:4)
  19 adders
  11 oozes
  3 worms
  4 dart slugs
  15 leopard geckos
  13 orcs
  10 ball pythons (Sewer)
  8 bats
  16 giant cockroaches
  3 goblins
  8 hobgoblins
  9 jackals
  3 kobolds
  4 quokkas
  11 frilled lizards
  2 rats
169 creatures vanquished.

Vanquished Creatures (collateral kills)
  A frilled lizard (D:4)
1 creature vanquished.

Grand Total: 170 creatures vanquished

Notes
Turn   | Place    | Note
-------+----------+-------------------------------------------
     0 | D:1      | Hasart the Octopode Transmuter began the quest for the Orb.
     0 | D:1      | Reached XP level 1. HP: 13/13 MP: 3/3
   218 | D:1      | Reached XP level 2. HP: 6/18 MP: 5/5
  1351 | D:2      | Reached XP level 3. HP: 15/23 MP: 6/6
  1989 | D:2      | Reached XP level 4. HP: 29/29 MP: 7/7
  2417 | D:2      | Found a shimmering blue altar of Sif Muna.
  2435 | D:3      | Reached skill level 4 in Unarmed Combat
  2438 | D:3      | Found an opulent altar of Gozag.
  2446 | D:3      | Reached XP level 5. HP: 28/34 MP: 8/8
  2497 | D:3      | Became a worshipper of Gozag Ym Sagoz the Greedy
  2849 | D:3      | Noticed Grinder
  2865 | D:3      | Killed Grinder
  2865 | D:3      | Reached skill level 5 in Unarmed Combat
  2865 | D:3      | Reached XP level 6. HP: 14/41 MP: 9/9
  3341 | D:3      | Found a sparkling altar of Nemelex Xobeh.
  3415 | D:3      | Found a white marble altar of Elyvilon.
  3539 | D:4      | Reached XP level 7. HP: 41/46 MP: 8/10
  3608 | D:4      | Found a glowing silver altar of Zin.
  3928 | D:4      | Found a glowing drain.
  3950 | Sewer    | Entered a sewer
  4567 | Sewer    | Reached skill level 6 in Unarmed Combat
  5219 | D:4      | Reached XP level 8. HP: 46/54 MP: 11/11
  5311 | D:4      | Learned a level 2 spell: Sticks to Snakes
  5315 | D:4      | Learned a level 3 spell: Spider Form
  5817 | D:4      | Reached skill level 7 in Unarmed Combat
  5843 | D:5      | Entered Level 5 of the Dungeon
  6079 | D:5      | Noticed Pikel
  6100 | D:5      | Killed Pikel
  6100 | D:5      | Reached skill level 5 in Dodging
  6100 | D:5      | Reached skill level 5 in Transmutations
  6100 | D:5      | Reached XP level 9. HP: 38/60 MP: 9/12
  6186 | D:5      | Noticed Prince Ribbit
  6196 | D:5      | Killed Prince Ribbit
  6196 | D:5      | Reached skill level 5 in Fighting
  6196 | D:5      | Reached skill level 8 in Unarmed Combat
  6517 | D:5      | Found a snail-covered altar of Cheibriados.
  6797 | D:5      | Slain by an orc warrior

Levels and vault maps discovered:
D:1:      elethiomel_arrival_shortcut, layout_basic, minmay_pentomino_z4
D:2:      layout_loops_ring, led_sif_pool
D:3:      layout_rooms, elyvilon_altar_1,
          nicolae_gozag_cash_rules_everything_around_me, st_stairs_3,
          nemelex_altar_shiori, uniq_grinder
D:4:      minmay_skewed_foursquare, layout_gridville,
          nicolae_overflow_hidden_temple, lemuel_crystal_altar, first_ration,
          portal_sewer_entry_f
D:5:      layout_loops_corners, kennysheep_slug_shrine, uniq_pikel,
          uniq_prince_ribbit1

Skill      XL: |  1  2  3  4  5  6  7  8  9 |
---------------+----------------------------+-----
Unarmed Combat | 4 5 6 7 8 |  8.2
Fighting       | 2 3 4 5 |  5.2
Transmutations | 3 4 5 |  5.0
Dodging        | 3 4 5 6 |  6.0
Poison Magic   | 2 3 |  3.1
Spellcasting   | |  2.0

Action                   |  1- 3 |  4- 6 |  7- 9 || total
-------------------------+-------+-------+-------++-------
Melee: Unarmed           |    56 |   108 |   286 ||   450
       Constrict         |    20 |    23 |    50 ||    93
       Tentacles         |     8 |    16 |    48 ||    72
       Kick              |     4 |    14 |    21 ||    39
       Punch             |       |     1 |    11 ||    12
 Cast: Beastly Appendage |     3 |     7 |    12 ||    22
       Sticks to Snakes  |       |       |    11 ||    11
       Spider Form       |       |       |     2 ||     2
Invok: Potion Petition   |       |       |     1 ||     1
  Use: Potion            |       |     1 |     2 ||     3
 Stab: Sleeping          |     1 |    11 |    12 ||    24
       Distracted        |       |     1 |     2 ||     3
  Eat: Chunk             |     3 |     2 |       ||     5
       Ration            |       |     1 |     3 ||     4
Armor: Skin              |     9 |     6 |    13 ||    28
Dodge: Dodged            |    35 |    68 |   169 ||   272

Table legend:
 A = Non-vault XP
 B = Vault XP
 C = Vault XP percentage of total XP
 D = Non-vault monster count
 E = Vault monster count
 F = Vault count percentage of total count
                 A         B        C        D         E       F
            +---------+---------+-------+---------+---------+-------
      Total |    1338 |    1899 |  58.7 |     100 |      69 |  40.8
            +---------+---------+-------+---------+---------+-------
        D:1 |      17 |       3 |  15.0 |       8 |       2 |  20.0
        D:2 |     100 |       0 |   0.0 |      21 |       0 |   0.0
        D:3 |     215 |     272 |  55.9 |      28 |       4 |  12.5
        D:4 |     482 |     413 |  46.1 |      28 |      11 |  28.2
        D:5 |     524 |     897 |  63.1 |      15 |       3 |  16.7
      Sewer |       0 |     314 | 100.0 |       0 |      49 | 100.0
            +---------+---------+-------+---------+---------+-------
